 Dungeon Crawl Stone Soup version 0.31-a0-1074-g0b22e4e0f1 (webtiles) character file.

Game seed: 7978517810464275774

15 littlecub the Digger (level 2, -2/16 HPs)
             Began as a Gargoyle Earth Elementalist on Dec 4, 2023.
             Slain by Terence
             ... wielding a +3 flail of protection
              (7 damage)
             ... on level 2 of the Dungeon.
             The game lasted 00:02:06 (1189 turns).

littlecub the Digger (Gargoyle Earth Elementalist)  Turns: 1189, Time: 00:02:07

Health: -2/16      AC:  5    Str: 11    XL:     2   Next: 50%
Magic:  4/5        EV: 11    Int: 15    God:
Gold:   92         SH:  0    Dex: 10    Spells: 4/5 levels left

rFire   . . .        (no weapon)
rCold   . . .        (no shield)
rNeg    + . .        a - +0 robe
rPois   ∞            f - +1 hat
rElec   +            (no cloak)
rCorr   .            (no gloves)
SInv    .            (no boots)
Will    .....        (no amulet)
Stlth   ++           (no ring)
HPRegen 0.22/turn    (no ring)
MPRegen 0.09/turn

%: no passive effects
@: no status effects
A: sickness immunity, AC +2, negative energy resistance 1, electricity
resistance, torment resistance 1, petrification resistance
a: no special abilities


You were on level 2 of the Dungeon.
You visited 1 branch of the dungeon, and saw 2 of its levels.

You collected 92 gold pieces.

Inventory:

Armour
 a - a +0 robe (worn)
 f - a +1 hat (worn)
Talismans
 d - a maw talisman
Scrolls
 e - a scroll of poison {unknown}
Potions
 b - a potion of magic
 c - a potion of ambrosia {unknown}
 g - a potion of berserk rage {unknown}
 h - 2 potions of lignification {unknown}


   Skills:
 + Level 0.7 Fighting
 - Level 1.5 Dodging
 - Level 2.1 Stealth
 + Level 2.1 Spellcasting
 + Level 1.0 Transmutations
 * Level 4.0 Earth Magic


You had 4 spell levels left.
You knew the following spells:

 Your Spells              Type           Power      Damage    Failure   Level
a - Sandblast             Erth           26%        2d8       4%          1

Your spell library contained the following spells:

 Spells                   Type           Power      Damage    Failure   Level
 Passwall                 Tmut/Erth      7%         N/A       12%         2
 Stone Arrow              Conj/Erth      14%        3d7       28%         3
 Petrify                  Tmut/Erth      9%         N/A       58%         4
 Brom's Barrelling Bould  Conj/Erth      7%         2d3       67%         4


Dungeon Overview and Level Annotations

Branches:
Dungeon (2/15)

Altars:

Annotations:
D:2 Terence


Innate Abilities, Weirdness & Mutations

You are immune to sickness and miasma.
Your stone body is resilient. (AC +2)
You are immune to poison.
You resist negative energy. (rN+)
You are resistant to electric shocks. (rElec)
You are resistant to unholy torment.
You are immune to petrification.


Message History

There is a stone staircase leading up here.
There is an escape hatch in the floor here.
h - 2 inky potions
Found a flail.
A hobgoblin comes into view.
Found a stone staircase leading down.
The hobgoblin shouts!
Aiming: Sandblast (safe; 4% risk of failure)
Press: ? - help, Q - select action Shift-Dir - straight line, f - hobgoblin
Aim: a hobgoblin (82% to hit)
The blast of sand hits the hobgoblin!
You kill the hobgoblin!
Magic restored.
You now have 92 gold pieces (gained 19).
Terence the Incautious comes into view.
He is wielding a +3 flail of protection.
Terence shouts!
Found a scroll labelled KOEVU ESTRIORGH.
Aiming: Sandblast (safe; 4% risk of failure)
Press: ? - help, Q - select action Shift-Dir - straight line, f - Terence
Aim: Terence, wielding a +3 flail of protection and wearing a +0 ring mail (84% to hit)
The blast of sand hits Terence but does no damage.
Aiming: Sandblast (safe; 4% risk of failure)
Press: ? - help, Q - select action Shift-Dir - straight line, f/p - Terence
Aim: Terence, wielding a +3 flail of protection and wearing a +0 ring mail (84% to hit)
The blast of sand hits Terence but does no damage.
Aiming: Sandblast (safe; 4% risk of failure)
Press: ? - help, Q - select action Shift-Dir - straight line, f/p - Terence
Aim: Terence, wielding a +3 flail of protection and wearing a +0 ring mail (84% to hit)
The blast of sand hits Terence.
Terence is lightly wounded.
Terence hits you with a +3 flail of protection!
Ouch! That really hurt!
Terence hits you with a +3 flail of protection.
* * * LOW HITPOINT WARNING * * *
There is a stone staircase leading down here.
Terence attacks as he pursues you! Terence barely misses you.
Terence attacks as he pursues you!
Terence hits you with a +3 flail of protection!
You die...
Terence says, "Rest in peace."

#######..# .........#
#######..######
##.#......#
#.#####.###.###.#
#.....## ##.##.#
#.####..###.....#####
#.#.#..........#
#.##.@########.#
#.#####.##.@# #.#
#.......##..# #.#
#...........# #.#
#######.##.## #.# ##
#.##.# #.# ..
#.##.#### #.# #.
#.......# #.# #?
####.##.# #.#


You could see Terence.

Vanquished Creatures
  An endoplasm (D:1)
  A hobgoblin (D:2)
  3 kobolds (D:1)
  3 quokkas (D:1)
  2 ball pythons (D:1)
  2 bats (D:1)
  A frilled lizard (D:1)
  A goblin (D:1)
  A rat (D:1)
15 creatures vanquished.

Notes
Turn   | Place    | Note
-------+----------+-------------------------------------------
     0 | D:1      | littlecub the Gargoyle Earth Elementalist began the quest
                  | for the Orb.
     0 | D:1      | Reached XP level 1. HP: 10/10 MP: 3/3
   380 | D:1      | Reached skill level 1 in Transmutations
   380 | D:1      | Reached XP level 2. HP: 16/16 MP: 0/5
   478 | D:1      | Reached skill level 4 in Earth Magic
  1166 | D:2      | Noticed Terence
  1189 | D:2      | Slain by Terence

Illustrated notes

Levels and vault maps discovered:
D:1:      tarquinn_simple_flora_water_c, layout_basic, serial_bayou_pond_d,
          minmay_tripent
D:2:      layout_loops_ring, uniq_terence

Skill      XL: |  1  2 |
---------------+-------+-----
Transmutations | 1 |  1.0
Earth Magic    | 4 |  4.0
Fighting       | |  0.7
Dodging        | |  1.5
Stealth        | |  2.1
Spellcasting   | |  2.1

Action                     || total
---------------------------++-------
  Melee: Unarmed           ||     4
   Cast: Sandblast         ||    24
   Stab: Sleeping          ||     1
 Armour: Robe              ||     6
  Dodge: Dodged            ||     9

Table legend: (Time is in decaauts)
 A = Elapsed time spent in this place.
 B = Non-inter-level travel time spent in this place.
 C = Inter-level travel time spent in this place.
 D = Time resting spent in this place.
 E = Time spent auto-exploring this place.
 F = Levels seen in this place.
 G = Mean time per level.
                   A        B        C        D        E       F      G
               +--------+--------+--------+--------+--------+-----+--------+
         Total |   1205 |   1158 |     47 |      0 |   1029 |   2 |  602.5 |
       Dungeon |   1205 |   1158 |     47 |      0 |   1029 |   2 |  602.5 |
               +--------+--------+--------+--------+--------+-----+--------+

Top non-repeatable levels by time:
     D:1: 1048 daAuts
     D:2: 156 daAuts
